 Dungeon Crawl Stone Soup version 0.17-a0-1798-g879a7aa (webtiles) character file.

566 Stormsson the Sneak (level 7, -9/32 HPs)
             Began as a Spriggan Conjurer on Sept 10, 2015.
             Was a Follower of Vehumet.
             Shot with an arrow by a centaur (14 damage)
             ... on level 5 of the Dungeon.
             The game lasted 00:46:44 (5291 turns).

Stormsson the Sneak (Spriggan Conjurer)             Turns: 5291, Time: 00:46:45

Health: -9/32      AC:  4    Str:  4    XL:     7   Next: 10%
Magic:  2/15       EV: 19    Int: 18    God:    Vehumet [*.....]
Gold:   284        SH:  0    Dex: 17    Spells: 3 memorised, 9 levels left

rFire  . . .     SeeInvis +     j - +0 dagger
rCold  . . .     Clarity  .     r - +2 robe {MR+}
rNeg   . . .     SustAt   .     (shield restricted)
rPois  .         Gourm    .     (helmet restricted)
rElec  .         Spirit   .     (no cloak)
rCorr  .         Warding  .     (gloves unavailable)
rMut   .         Stasis   .     (boots unavailable)
MR     ++...                    (no amulet)
Stlth  ++++......               (no ring)
                                (no ring)

@: very quick, very resistant to hostile enchantments, stealthy
A: unfitting armour, see invisible, herbivore 3, speed 3, slow metabolism 2
a: Renounce Religion


You were on level 5 of the Dungeon.
You worshipped Vehumet.
Vehumet was aware of your devotion.
You were hungry.

You visited 1 branch of the dungeon, and saw 5 of its levels.

You collected 284 gold pieces.

Inventory:

Hand weapons
 j - a +0 dagger (weapon)
Armour
 a - a +0 robe
 f - a +1 robe of magic resistance
 r - a +2 robe of magic resistance (worn)
Jewellery
 q - an uncursed amulet of regeneration
Scrolls
 d - 5 scrolls of identify
 e - 2 scrolls of teleportation {unknown}
 k - a scroll of remove curse {unknown}
 l - a scroll of magic mapping {unknown}
 n - a scroll of immolation
Potions
 g - a potion of brilliance {unknown}
 h - 4 potions of curing
 i - a potion of might
 m - a potion of resistance
 p - 2 potions of heal wounds
 s - a potion of invisibility {unknown}
 t - a potion of agility
 u - a potion of mutation {unknown}
Books
 b - a book of Conjurations

   Spells                             Type                      Level
   a - Magic Dart                     Conjuration                  1
   b - Searing Ray                    Conjuration                  2
   c - Dazzling Spray                 Conjuration/Hexes            3
   d - Fulminant Prism                Conjuration/Hexes            4
   e - Iskenderun's Mystic Blast      Conjuration                  4
   f - Iskenderun's Battlesphere      Conjuration/Charms           5
Comestibles
 c - 3 bread rations


   Skills:
 + Level 1.8 Short Blades
 - Level 3.6 Dodging
 + Level 5.6 Stealth
 + Level 5.1 Spellcasting
 * Level 5.0 Conjurations


You had 9 spell levels left.
You knew the following spells:

 Your Spells              Type           Power        Failure   Level  Hunger
a - Magic Dart            Conj           ###.         1%          1    None
b - Searing Ray           Conj           ###...       2%          2    #......
c - Iskenderun's Mystic   Conj           ###.....     21%         4    ####...


Dungeon Overview and Level Annotations

Branches:
Dungeon (5/15)             Temple (0/1) D:4

Altars:
Dithmenos
Vehumet

Shops:
D:4 [


Innate Abilities, Weirdness & Mutations

You are tiny and cannot use many weapons and most armour.
You have supernaturally acute eyesight.
You are a herbivore.
You cover ground extremely quickly.
You need consume almost no food.


Message History

The centaur is moderately wounded.
The centaur hits you!
Casting: Magic Dart
Confirm with . or Enter, or press ? or * to list all spells.
Aiming: Magic Dart
Press: ? - help, Shift-Dir - straight line, f/p - centaur
Aim: a centaur (moderately wounded)
The magic dart hits the centaur.
The centaur is heavily wounded.
The centaur completely misses you. The centaur closely misses you.
The centaur wields a shortbow.
The centaur shoots an arrow.
The arrow closely misses you.
You see here an arrow.
The centaur shoots an arrow.
The arrow barely misses you.
The centaur shoots an arrow.
The arrow hits you!
* * * LOW HITPOINT WARNING * * *
You see here 2 arrows.
The centaur shoots an arrow.
The arrow misses you.
The centaur shoots an arrow.
The arrow hits you!
You die...

##...............
.###........##.....#
...........###..#..#
##.......##..###..
##...#......###..
..#############.##.###...#...
#.....†.(..(.##.............#
#)####c......(.....#####.#.##
#.#####@#####.# #...## #. #.#
#.# ###.## #. #.# .......)...
.. #.# #.#####.## #. #.. ..
..# #. ### ###


You could see a centaur.

Vanquished Creatures
  3 ogres
  A jelly (D:5)
  A hound (D:4)
  Jessica (D:3)
  Natasha (D:4)
  2 worker ants (D:5)
  An iguana (D:5)
  4 adders
  3 gnolls (D:5)
  2 worms (D:2)
  A giant gecko (D:4)
  4 orcs
  A ball python (D:1)
  4 giant cockroaches
  11 hobgoblins
  5 jackals
  7 quokkas
  8 bats
  7 giant newts
  5 goblins
  5 kobolds
  8 rats
85 creatures vanquished.

Notes
Turn   | Place    | Note
--------------------------------------------------------------
     0 | D:1      | Stormsson the Spriggan Conjurer began the quest for the Orb.
     0 | D:1      | Reached XP level 1. HP: 9/9 MP: 5/5
   321 | D:1      | Reached XP level 2. HP: 13/13 MP: 1/6
  1341 | D:1      | Reached XP level 3. HP: 16/16 MP: 3/8
  1400 | D:2      | Found a faded altar to an unknown god.
  1499 | D:2      | Found a radiant altar of Vehumet.
  1517 | D:2      | Became a worshipper of Vehumet
  1818 | D:2      | Learned a level 2 spell: Searing Ray
  1848 | D:2      | Reached skill level 4 in Stealth
  2556 | D:3      | Reached XP level 4. HP: 21/21 MP: 6/9
  2661 | D:3      | Noticed an ogre
  3206 | D:3      | Acquired Vehumet's first power
  3206 | D:3      | Offered knowledge of Shock by Vehumet.
  3462 | D:3      | Killed an ogre
  3462 | D:3      | Reached XP level 5. HP: 24/24 MP: 2/12
  3551 | D:3      | Noticed Jessica
  3568 | D:3      | Killed Jessica
  3991 | D:4      | Found a staircase to the Ecumenical Temple.
  4042 | D:4      | Noticed a phantom
  4072 | D:4      | Noticed a black bear
  4268 | D:4      | Found Guoroale's Armour Boutique.
  4270 | D:4      | Noticed Natasha
  4314 | D:4      | Killed Natasha
  4629 | D:4      | Reached XP level 6. HP: 28/28 MP: 4/13
  4780 | D:4      | Learned a level 4 spell: Iskenderun's Mystic Blast
  4796 | D:5      | Entered Level 5 of the Dungeon
  5000 | D:5      | Reached skill level 1 in Short Blades
  5005 | D:5      | Reached skill level 5 in Stealth
  5210 | D:5      | Found a shadowy altar of Dithmenos.
  5241 | D:5      | Reached skill level 5 in Spellcasting
  5241 | D:5      | Reached skill level 5 in Conjurations
  5241 | D:5      | Reached XP level 7. HP: 32/32 MP: 15/15
  5291 | D:5      | Shot with an arrow by a centaur

Vault maps used:
D:1:      dpeg_arrival_tiny_d
D:2:      overflow_temple_1_default, ecumenical_altar_1
D:3:      kennysheep_jessica_study
D:4:      minmay_temple_entry_statues_pillars, first_bread, serial_shops, shop,
          uniq_natasha
D:5:      nicolae_dithmenos_shadow_blocks

Action                   |  1- 3 |  4- 6 |  7- 9 || total
-------------------------+-------+-------+-------++-------
Melee: Dagger            |       |    24 |     1 ||    25
 Cast: Magic Dart        |   142 |   124 |     7 ||   273
       Searing Ray       |       |     3 |     1 ||     4
       Iskenderun's Myst |       |     2 |     1 ||     3
  Use: Scroll            |     2 |     7 |       ||     9
       Potion            |     2 |     1 |       ||     3
 Stab: Sleeping          |       |     4 |       ||     4
  Eat: Pizza             |       |     1 |       ||     1
